Map: Amygdala

Players

Fjant

  • Race: Zerg Zerg
  • League: Master
  • Spawn Location: 1:00

SZNightMare (NightMare) - Winner!

  • Race: Protoss Protoss
  • Spawn Location: 7:00

Event: HomeStory Cup XXVI

VOD

Have the link to the VOD?

Description

Time

  • Played on: Nov. 29, 2024, 6:31 a.m.
  • Length: 10:35

All games in this series

Show
View Real Time Build Order
Export as new Build Order

Fjant Zerg 

Build Orders: Hatch First 

Get SALT Encoding   

  12  0:01  Drone  
  13  0:11  Drone  
  14  0:15  Drone, Extractor  
  15  0:21  Overlord  
  15  0:40  Drone  
  16  0:45  Drone  
  16  0:48  Drone  
  18  0:53  Hatchery  
  18  0:57  Drone  
  18  1:03  Extractor  
  17  1:11  Spawning Pool  
  16  1:14  Drone  
  16  1:17  Drone  
  18  1:27  Drone  
  19  1:38  Drone  
  20  1:56  Drone  
  20  2:00  Overlord  
  21  2:04  Queen x2  
  21  2:05  Metabolic Boost  
  25  2:10  Zergling x4  
  27  2:19  Drone  
  27  2:20  Drone  
  29  2:26  Drone  
  30  2:35  Drone  
  31  2:39  Drone, Hatchery  
  31  2:47  Zergling x2  
  31  2:51  Drone, Queen  
  33  2:55  Overlord  
  35  3:01  Drone  
  36  3:16  Drone x2  
  36  3:17  Queen  
  36  3:19  Drone x4  
  44  3:24  Overlord  
  44  3:37  Spore Crawler, Overlord  
  44  3:39  Zergling x2  
  44  3:42  Queen  
  44  3:43  Zergling x2  
  44  3:44  Zergling x2  
  47  3:49  Drone x4  
  47  3:54  Overlord  
  51  3:55  Drone  
  51  3:57  Drone  
  51  4:02  Drone x5  
  58  4:14  Drone x2, Overlord  
  58  4:16  Spore Crawler  
  59  4:22  Queen  
  61  4:24  Overlord  
  61  4:25  Drone x2  
  62  4:32  Drone x4  
  62  4:33  Drone x2  
  65  4:40  Drone x2  
  65  4:45  Extractor  
  63  4:46  Lair  
  63  4:48  Drone, Roach Warren  
  63  4:49  Drone  
  63  4:51  Drone  
  65  4:55  Drone x2, Extractor  
  65  4:59  Drone x2  
  68  5:07  Zergling x4  
  68  5:08  Zergling x4  
  68  5:09  Overlord x2  
  72  5:15  Pneumatized Carapace  
  72  5:21  Zergling x6  
  74  5:37  Roach x6  
  86  5:49  Roach x2  
  90  5:51  Zergling x18  
  90  5:56  Zergling x8  
  103  6:04  Ravager  
  103  6:05  Overlord x2  
  103  6:06  Zergling x2  
  104  6:16  Ravager  
  104  6:17  Overlord x2  
  105  6:22  Queen x2  
  105  6:23  Overlord  
  109  6:26  Zergling x10  
  109  6:27  Zergling x2  
  115  6:39  Zergling x6  
  103  6:55  Zergling x2  
  103  6:56  Zergling x12  
  103  6:59  Queen  
  103  7:00  Queen, Zergling x8  
  105  7:04  Queen  
  94  7:11  Glial Reconstitution, Roach x3  
  100  7:21  Roach x3  
  106  7:23  Baneling Nest, Roach x3  
  106  7:27  Hatchery  
  108  7:31  Roach x3  
  108  7:35  Queen  
  108  7:36  Queen  
  117  7:44  Roach  
  117  7:45  Roach  
  119  7:53  Roach  
  119  7:55  Zergling x4  
  119  7:56  Overlord  
  119  7:57  Overlord x2  
  122  7:59  Overlord  
  122  8:01  Overlord  
  122  8:02  Overlord  
  122  8:04  Overlord  
  122  8:05  Overlord  
  119  8:09  Centrifugal Hooks  
  119  8:11  Zergling x2  
  117  8:14  Zergling x4  
  117  8:18  Zergling x2  
  117  8:19  Zergling x4  
  122  8:22  Zergling x2  
  122  8:24  Ravager x5  
  122  8:25  Zergling x4  
  130  8:32  Zergling x2  
  131  8:37  Zergling x4  
  131  8:38  Overlord  
  131  8:39  Zergling x2, Overlord  
  131  8:40  Zergling x4  
  136  8:41  Baneling  
  136  8:42  Baneling x9, Zergling x6  
  136  8:48  Zergling x10  
  144  8:54  Zergling x4  
  146  9:00  Zergling x6  
  131  9:08  Zergling x8  
  132  9:11  Zergling x8  
  136  9:19  Zergling x8  
  136  9:22  Zergling x2  
  136  9:23  Zergling x2  
  142  9:26  Baneling x15  
  142  9:27  Zergling x2  
  139  9:32  Zergling x4  
  139  9:37  Zergling x8  
  142  9:40  Baneling x4  
  142  9:45  Zergling x12  
  134  9:57  Zergling x6  
  124  10:04  Zergling x4  
  121  10:08  Zergling x8  
  121  10:12  Hatchery  
  121  10:13  Zergling x6  
Show
View Real Time Build Order
Export as new Build Order

SZNightMare Protoss - Winner!

Build Orders: 1 Gate Expand, Oracle Opening 

Get SALT Encoding   

  12  0:00  Probe  
  13  0:12  Probe  
  14  0:19  Pylon  
  14  0:24  Probe  
  15  0:34  Probe  
  15  0:40  Gateway  
  15  0:42  Probe  
  17  0:51  Assimilator  
  17  0:52  Probe  
  18  1:04  Probe  
  19  1:16  Probe  
  20  1:27  Nexus  
  20  1:36  Cybernetics Core  
  20  1:40  Probe  
  20  1:45  Assimilator  
  21  1:52  Probe  
  22  1:57  Pylon  
  22  2:04  Probe  
  22  2:06  Adept  
  23  2:16  Probe  
  23  2:19  Stargate  
  26  2:28  Warp Gate, Probe  
  27  2:35  Adept  
  29  2:40  Probe  
  29  2:41  Probe  
  31  2:49  Probe  
  31  2:52  Oracle, Probe  
  31  2:58  Probe  
  33  3:04  Probe, Pylon  
  38  3:08  Probe  
  38  3:10  Stalker  
  39  3:16  Probe  
  42  3:20  Probe  
  43  3:27  Oracle  
  43  3:29  Probe  
  43  3:31  Gateway  
  43  3:33  Probe  
  45  3:41  Probe  
  49  3:45  Probe  
  50  3:55  Nexus  
  50  3:56  Pylon  
  50  3:59  Probe  
  50  4:00  Probe  
  52  4:07  Twilight Council  
  52  4:12  Probe x2, Pylon  
  52  4:14  Oracle  
  52  4:15  Assimilator  
  54  4:17  Assimilator  
  57  4:30  Forge  
  57  4:31  Probe  
  57  4:32  Probe  
  55  4:42  Blink  
  55  4:44  Adept x2, Probe  
  55  4:45  Shield Battery  
  60  4:53  Gateway  
  60  4:55  Gateway  
  60  4:58  Probe  
  60  4:59  Probe  
  62  5:12  Probe x2  
  62  5:13  Protoss Ground Weapons Level 1, Probe  
  65  5:21  Stalker  
  65  5:22  Stalker  
  65  5:26  Gateway  
  69  5:29  Gateway  
  69  5:30  Probe x3  
  72  5:39  Gateway  
  72  5:42  Probe x3  
  74  5:52  Stalker x3  
  74  5:56  Stalker  
  82  6:01  Shield Battery  
  82  6:03  Photon Cannon  
  82  6:05  Shield Battery  
  82  6:11  Pylon  
  82  6:15  Shield Battery, Sentry  
  84  6:20  Pylon  
  84  6:22  Shield Battery, Pylon  
  84  6:26  Pylon  
  84  6:30  Stalker x2  
  88  6:34  Stalker x2  
  92  6:46  Stalker x3, Protoss Ground Weapons Level 2  
  92  7:01  Stalker x3  
  92  7:02  Stalker  
  94  7:13  Probe x3  
  94  7:15  Pylon  
  97  7:20  Assimilator  
  97  7:21  Assimilator  
  97  7:22  Charge, Fleet Beacon  
  97  7:25  Probe x3  
  100  7:32  Pylon  
  100  7:37  Probe x3  
  100  7:39  Photon Cannon  
  100  7:40  Photon Cannon  
  103  7:46  Zealot x2  
  103  7:49  Probe  
  103  7:50  Probe x2  
  110  7:53  Zealot x3  
  114  7:59  Zealot  
  114  8:02  Mothership  
  114  8:04  Pylon  
  124  8:21  Robotics Facility, Pylon x2  
  124  8:23  Pylon  
  124  8:29  Nexus  
  124  8:41  Zealot x6  
  124  8:47  Stalker  
  120  9:04  Stalker x6  
  126  9:15  Shield Battery  
  126  9:19  Shield Battery  
  126  9:20  Templar Archives  
  126  9:21  Gateway  
  126  9:22  Pylon  
  126  9:38  Stalker x6  
  128  9:41  Stalker  
  127  10:06  Stalker x6  
  136  10:07  Pylon  
  136  10:11  Probe  
  115  10:14  Probe  
  115  10:15  Probe x2  
  115  10:19  Probe  
  111  10:27  Zealot x2  
Tags
 
Add a new tag
Caveats
  • Supply blocks, unpowered buildings, or Contaminate may cause inaccurate times.
  • Supply counts are checked every 10 seconds.